 Dungeon Crawl Stone Soup version 0.27-a0-797-g27d10ad80f (webtiles) character file.

Game seed: 6422795823139456831

436 wakim the Insei (level 7, -6/46 HPs)
             Began as an Octopode Transmuter on Mar 27, 2021.
             Mangled by a gnoll sergeant
             ... wielding a +0 trident
              (15 damage)
             ... on level 5 of the Dungeon.
             The game lasted 00:12:48 (5132 turns).

wakim the Insei (Octopode Transmuter)               Turns: 5132, Time: 00:12:49

Health: -6/46      AC:  1    Str: 11    XL:     7   Next: 1%
Magic:  20/20      EV: 14    Int: 16    God:
Gold:   125        SH:  5    Dex: 18    Spells: 8/11 levels left

rFire    + . .     SeeInvis .     - Unarmed
rCold    . . .     Faith    .   (no shield)
rNeg     . . .     Spirit   .   (helmet currently unavailable)
rPois    .         Reflect  +   l - amulet of reflection
rElec    .         Harm     .   d - +6 ring of dexterity
rCorr    .         Rampage  .   g - ring of protection from fire
Will     .....                  m - ring of magical power
Stlth    +++.......             (no ring)
HPRegen  0.15/turn              (no ring)
MPRegen  0.17/turn              (no ring)
                                (no ring)
                                (no ring)

@: appendages
A: tentacle spike 3, almost no armour, amphibious, 8 rings, camouflage 1,
gelatinous body 1, nimble swimmer 1, tentacles
a: End Transformation


You were on level 5 of the Dungeon.
One of your tentacles had grown a beastly spike.
You visited 1 branch of the dungeon, and saw 5 of its levels.

You collected 125 gold pieces.


Innate Abilities, Weirdness & Mutations

One of your tentacles has grown a beastly spike.
You cannot wear most types of armour.
You are amphibious.
You can wear up to eight rings at the same time.
Your skin changes colour to match your surroundings (Stealth+).
Your rubbery body absorbs attacks. (AC +1, EV +1)
You are stealthy while swimming. (Stealth+)
You have tentacles for arms and can constrict up to eight enemies at once.


   Skills:
 + Level 3.3 Fighting
 + Level 3.4 Dodging
 + Level 5.4 Unarmed Combat
 * Level 2.7 Spellcasting
 * Level 2.8 Transmutations


You had 8 spell levels left.
You knew the following spells:

 Your Spells              Type           Power      Damage    Failure   Level
a - Beastly Appendage     Tmut           22%        N/A       6%          1
b - Wereblood             Tmut           11%        N/A       10%         2

Your spell library contained the following spells:

 Spells                   Type           Power      Damage    Failure   Level
 Magic Dart               Conj           8%         1d3       19%         1
 Blink                    Tloc           N/A        N/A       28%         2
 Call Imp                 Summ           2%         N/A       28%         2
 Slow                     Hex            2%         N/A       28%         2
 Spider Form              Tmut/Pois      3%         N/A       32%         3
 Confusing Touch          Hex            2%         N/A       50%         3
 Conjure Flame            Conj/Fire      2%         6-21      50%         3
 Gell's Gravitas          Tloc           1%         N/A       50%         3
 Mephitic Cloud           Conj/Pois/Air  2%         N/A       50%         3
 Ice Form                 Ice/Tmut       6%         N/A       73%         4
 Petrify                  Tmut/Erth      6%         N/A       73%         4
 Blade Hands              Tmut           5%         N/A       86%         5
 Yara's Violent Unravell  Hex/Tmut       3%         3d4       97%         5
 Metabolic Englaciation   Hex/Ice        1%         N/A       99%         5

Inventory:

Missiles
 b - 147 stones {throwing}
 c - 27 arrows
 f - 56 poisoned darts {throwing}
 k - 4 boomerangs {throwing}
 q - 31 bolts
Jewellery
 d - a +6 ring of dexterity (left tentacle)
   (You found it on level 1 of the Dungeon)
 g - a ring of protection from fire (right tentacle)
   (You found it on level 2 of the Dungeon)
 l - an amulet of reflection (around mantle)
   (You found it on level 4 of the Dungeon)
 m - a ring of magical power (on tentacle)
   (You found it on level 4 of the Dungeon)
Scrolls
 j - a scroll of enchant armour
 n - a scroll of vulnerability {!r!r}
Potions
 a - 2 potions of might
 e - 2 potions of curing {@q1}
 h - a potion of resistance {unknown}
 i - a potion of attraction {unknown}
 o - a potion of brilliance {unknown}

Dungeon Overview and Level Annotations

Branches:
Dungeon (5/15)
 Temple: D:4-7

Altars:
Fedhas
Qazlal
Sif Muna
The Shining One

Shops:
D:3

*=
....####................
. #..#................
#..'................
#..#................
#..#................
#..#................
##.#................
##+####'#######....######
# #....#..@.#...#....# #.
#....#..g.#...#....# #..
#....'....#...'....# #...
#....#....#...#....#
#....###..###.####+#....#
#......#'####.##........#
#......'.......#........#
#......#.......#.<......#
#......###.##.##........#


You could see a gnoll sergeant.


Message History

You open the door.
A gnoll and a gnoll sergeant come into view.
There is an open door here. 😎 HP[+21] MP[+3]
Your hp is fully restored (46).
Your mp is fully restored (20).
Casting: Beastly Appendage (safe; 6% risk of failure)
Confirm with . or Enter, or press ? or * to list all spells.
One of your tentacles grows a vicious spike. 😎 MP[-1]
You lost 1 mp, and now have 19/20 mp.
Casting: Beastly Appendage (safe; 6% risk of failure)
Confirm with . or Enter, or press ? or * to list all spells.
You miscast Wereblood.
You are very lightly contaminated with residual magic.
Nothing appears to happen. 😎 MP[-2]
You lost 2 mp, and now have 17/20 mp.
Casting: Wereblood (safe; 10% risk of failure)
Confirm with . or Enter, or press ? or * to list all spells.
Your blood is infused with primal strength.
The gnoll sergeant hits you from afar with a +0 trident! 😕 HP[-11] MP[-2]
You take 11 damage, and now have 35/46 hp.
MASSIVE DAMAGE!! (PAUSE)
You lost 2 mp, and now have 15/20 mp. 😕 MP[+1]
There is an open door here. 😕 HP[+1]
Your magical contamination has completely faded away.
Your transformation is almost over.
The gnoll sergeant hits you from afar with a +0 trident!
* * * LOW HITPOINT WARNING * * *
There is a stone staircase leading up here. 😨 HP[-14]
You take 14 damage, and now have 22/46 hp.
MASSIVE DAMAGE!! (PAUSE)
The gnoll sergeant hits you from afar with a +0 trident!
* * * LOW HITPOINT WARNING * * *
You climb upwards.
There is a stone staircase leading down here. 😨 HP[-8] MP[+1]
You take 8 damage, and now have 14/46 hp.
Your tentacle spike disappears.
Your primal bloodlust is almost over.
Your primal bloodlust has ended.
Partly explored, can't reach some places. 😎 HP[+32] MP[+3]
Your hp is fully restored (46).
Your mp is fully restored (20).
There is a stone staircase leading down here.
You climb downwards.
There is a stone staircase leading up here.
You open the door.
There is an open door here.
You open the door.
There is an open door here.
q - 31 bolts (gained 20) As you open the door, it creaks loudly!
There is an open door here.
A gnoll sergeant is nearby!
There is an open door here.
Casting: Wereblood (safe; 10% risk of failure)
Confirm with . or Enter, or press ? or * to list all spells.
One of your tentacles grows a vicious spike. 😎 MP[-1]
You lost 1 mp, and now have 19/20 mp.
The gnoll sergeant hits you from afar with a +0 trident.
There is an open door here. 😕 HP[-2]
You take 2 damage, and now have 44/46 hp.
The gnoll sergeant hits you with a +0 trident! 😕 HP[-7]
You take 7 damage, and now have 37/46 hp.
You tentacle-slap the gnoll sergeant. Your grab misses the gnoll sergeant.
You tentacle-slap the gnoll sergeant but do no damage.
Your grab misses the gnoll sergeant.
The gnoll sergeant hits you with a +0 trident! 😮 HP[-8]
You take 8 damage, and now have 29/46 hp.
You tentacle-slap the gnoll sergeant but do no damage.
You grab the gnoll sergeant. You squeeze the gnoll sergeant!
You constrict the gnoll sergeant, but do no damage.
The gnoll sergeant hits you with a +0 trident!
* * * LOW HITPOINT WARNING * * *
😨 HP[-7] MP[+1]
You take 7 damage, and now have 22/46 hp.
Your mp is fully restored (20).
You tentacle-slap the gnoll sergeant.
You pierce the gnoll sergeant, but do no damage.
You tentacle-slap the gnoll sergeant, but do no damage.
You squeeze the gnoll sergeant, but do no damage.
You constrict the gnoll sergeant. You block the gnoll sergeant's attack.
You tentacle-slap the gnoll sergeant. You constrict the gnoll sergeant.
The gnoll sergeant hits you with a +0 trident!
* * * LOW HITPOINT WARNING * * *
😱 HP[-13]
You take 13 damage, and now have 9/46 hp.
MASSIVE DAMAGE!! (PAUSE)
You tentacle-slap the gnoll sergeant but do no damage.
You constrict the gnoll sergeant.
The gnoll sergeant hits you with a +0 trident!
You die...

Skill      XL: |  1  2  3  4  5  6 |
---------------+-------------------+-----
Unarmed Combat | 4 5 |  5.4
Fighting       | 2 3 |  3.3
Dodging        | 3 |  3.4
Spellcasting   | |  2.7
Transmutations | |  2.8

Action                   |  1- 3 |  4- 6 |  7- 9 || total
-------------------------+-------+-------+-------++-------
Melee: Unarmed           |    78 |    93 |     6 ||   177
       Constrict         |    23 |    34 |     1 ||    58
       Tentacles         |    13 |    18 |     2 ||    33
       Punch             |     6 |     5 |     1 ||    12
       Kick              |     1 |    22 |     1 ||    24
 Cast: Wereblood         |     9 |    13 |     1 ||    23
       Beastly Appendage |     1 |    14 |     2 ||    17
  Use: Scroll            |     3 |     4 |       ||     7
 Stab: Sleeping          |     3 |     2 |       ||     5
Armor: Skin              |     5 |     2 |       ||     7
Dodge: Dodged            |    40 |    48 |       ||    88
Block: Other             |       |    11 |     1 ||    12

Levels and vault maps discovered:
D:1:      minmay_arrival_solitary_statue, layout_basic, minmay_door_square
D:2:      layout_loops_ring
D:3:      layout_loops_cross, grunt_temple_overflow_forces_of_nature,
          chequers_temple_overflow_statue_of_worship, serial_shops, shop,
          shop_fountains
D:4:      kennysheep_kobold_camp, layout_rooms
D:5:      minmay_spotlight, layout_gridville, lemuel_doored_altar,
          nicolae_ru_sacrificial_ziggurat

Notes
Turn   | Place    | Note
-------+----------+-------------------------------------------
     0 | D:1      | wakim the Octopode Transmuter began the quest for the Orb.
     0 | D:1      | Reached XP level 1. HP: 13/13 MP: 3/3
     0 | D:1      | magus.rc [v1.9.6]
    17 | D:1      | You pick up a book of Misfortune and begin reading...
    17 | D:1      | You add the spells Confusing Touch, Gell's Gravitas,
                  | Petrify, Metabolic Englaciation and Yara's Violent
                  | Unravelling to your library.
   504 | D:1      | Reached XP level 2. HP: 18/18 MP: 5/5
   507 | D:1      | Learned a level 2 spell: Wereblood
  1235 | D:2      | Reached XP level 3. HP: 24/24 MP: 3/6
  1471 | D:2      | Reached skill level 4 in Unarmed Combat
  1571 | D:2      | Reached skill level 2 in Fighting
  1799 | D:2      | You pick up a book of Minor Magic and begin reading...
  1799 | D:2      | You add the spells Magic Dart, Blink, Call Imp, Slow,
                  | Conjure Flame and Mephitic Cloud to your library.
  2092 | D:3      | Reached XP level 4. HP: 21/29 MP: 3/7
  2349 | D:3      | Found a glowing golden altar of the Shining One.
  2354 | D:3      | Found a shimmering blue altar of Sif Muna.
  2922 | D:3      | Reached XP level 5. HP: 22/35 MP: 4/8
  2925 | D:3      | Reached skill level 3 in Dodging
  2925 | D:3      | Reached skill level 5 in Unarmed Combat
  3160 | D:3      | Found Koenud Iru's General Store.
  3189 | D:3      | Found a blossoming altar of Fedhas.
  3193 | D:3      | Found a stormy altar of Qazlal.
  3211 | D:3      | Found Razxesun's Jewellery Shop.
  3559 | D:4      | Reached XP level 6. HP: 41/41 MP: 6/9
  3657 | D:4      | Reached skill level 3 in Fighting
  4595 | D:5      | Entered Level 5 of the Dungeon
  4702 | D:5      | Reached XP level 7. HP: 25/46 MP: 11/11
  5131 | D:5      | HP: 9/46 [gnoll sergeant/+0 trident (13)]
  5132 | D:5      | Mangled by a gnoll sergeant

Vanquished Creatures
  A kobold brigand (D:4)
  A phantom (D:5)
  A water moccasin zombie (D:3)
  2 orc priests
  A jelly (D:5)
  A howler monkey skeleton (D:4)
  5 adders
  2 worms (D:3)
  A dart slug (D:1)
  3 orcs
  3 bats
  5 endoplasms
  3 giant cockroaches
  7 hobgoblins
  12 jackals
  6 quokkas
  5 ball pythons
  3 frilled lizards
  20 kobolds (D:4)
  3 rats
85 creatures vanquished.

Vanquished Creatures (others)
  5 fungi (D:3)
  20 plants
25 creatures vanquished.

Grand Total: 110 creatures vanquished

Table legend:
 A = Non-vault XP
 B = Vault XP
 C = Vault XP percentage of total XP
 D = Non-vault monster count
 E = Vault monster count
 F = Vault count percentage of total count
                 A         B        C        D         E       F
            +---------+---------+-------+---------+---------+-------
      Total |     495 |     128 |  20.5 |      64 |      21 |  24.7
            +---------+---------+-------+---------+---------+-------
        D:1 |      33 |       0 |   0.0 |      17 |       0 |   0.0
        D:2 |      42 |       0 |   0.0 |      17 |       0 |   0.0
        D:3 |     171 |       0 |   0.0 |      14 |       0 |   0.0
        D:4 |     101 |     128 |  55.9 |      11 |      21 |  65.6
        D:5 |     148 |       0 |   0.0 |       5 |       0 |   0.0
            +---------+---------+-------+---------+---------+-------

Illustrated notes

Table legend:
 A = Kills in this place as a percentage of kills in entire the game.
 B = Kills by you in this place as a percentage of kills by you in the entire game.
 C = Kills by friends in this place as a percentage of kills by friends in the entire game.
 D = Other kills in this place as a percentage of other kills in the entire game.
 E = Experience gained in this place as a percentage of experience gained in the entire game.
 F = Experience gained in this place divided by the number of levels of this place that you have seen.
                   A       B       C       D       E      F
               +-------+-------+-------+-------+-------+----------------------
         Total | 100.0 | 100.0 |   N/A |   N/A | 100.0 | 124.6
       Dungeon | 100.0 | 100.0 |   N/A |   N/A | 100.0 | 124.6
               +-------+-------+-------+-------+-------+----------------------

Table legend: (Time is in decaauts)
 A = Elapsed time spent in this place.
 B = Non-inter-level travel time spent in this place.
 C = Inter-level travel time spent in this place.
 D = Time resting spent in this place.
 E = Time spent auto-exploring this place.
 F = Levels seen in this place.
 G = Mean time per level.
                   A        B        C        D        E       F      G
               +--------+--------+--------+--------+--------+-----+--------+
         Total |   5122 |   4984 |    138 |    323 |   3900 |   5 | 1024.4 |
       Dungeon |   5122 |   4984 |    138 |    323 |   3900 |   5 | 1024.4 |
               +--------+--------+--------+--------+--------+-----+--------+

Top non-repeatable levels by time:
     D:4: 1624 daAuts
     D:1: 1189 daAuts
     D:3: 1004 daAuts
     D:2: 1000 daAuts
     D:5: 303 daAuts
